Cogmind - Beta 15 @@@ ROGUE MODE // 2025.09.24 @ 10:34:48 Player: Crusang Result: Destroyed by KG-8RR(j) with Overtuned Pulse Rifle Performance ------------- Evolutions (0) 0 Regions Visited (3) 600 Robots Destroyed (10) 50 Value Destroyed (481) 481 Prototype IDs (3) 60 Alien Tech Used (0) 0 Bonus (800) 800 TOTAL SCORE: 1991 Bonus ------- Registered with UFD 300 Met Optimus in HQ 500 Cogmind --------- Core Integrity 0/250 Matter 254/300 Energy 340/340 System Corruption 0% Temperature Cool (20) Movement Walking (170) Ox1 Location -8/Scraptown Parts ------- > --- POWER (1) -------- Graviton Reactor > --- PROPULSION (2) --- Overtuned Titanium Leg Overtuned Titanium Leg > --- UTILITY (2) ------ Large Storage Unit > --- WEAPON (2) ------- Enhanced Autogun Helical Railgun > --- INVENTORY (15) --- Light Deuterium Engine Improved Aluminum Leg Overtuned Titanium Leg Overtuned Titanium Leg Overtuned Titanium Leg Scrap Suit Improved Light Cannon Grenade Launcher Missile Launcher Peak State ------------ > --- POWER ------------ Graviton Reactor > --- PROPULSION ------- Overtuned Titanium Leg Overtuned Titanium Leg > --- UTILITY ---------- Large Storage Unit > --- WEAPON ----------- Enhanced Autogun Helical Railgun > --- INVENTORY -------- Light Deuterium Engine Improved Aluminum Leg Overtuned Titanium Leg Overtuned Titanium Leg Overtuned Titanium Leg Scrap Suit Improved Light Cannon Grenade Launcher Missile Launcher [Rating: 31] Favorites ----------- Power Ion Engine Engine Ion Engine Power Core Nuclear Core Reactor Graviton Reactor Propulsion Light Treads Treads Light Treads Leg Overtuned Titanium Leg Wheel Compact Wheel Flight Unit Nuclear Pulse Thruster Utility Improved Sensor Array Device Improved Sensor Array Storage Large Storage Unit Weapon Battle Cannon Energy Gun Small Laser Energy Cannon Heavy Plasma Cannon Ballistic Gun Enhanced Autogun Ballistic Cannon Battle Cannon Special Weapon Flamer Build | -11 -10 -10 -8 ------- Run | Yrd Mat Sub Scr Slots Evolved . | . . . . Power . | . . . . Propulsion . | . . . . Utility . | . . . . Weapon . | . . . . Parts Attached 33 | 7 . . 26 Power 6 | 1 . . 5 Engine 4 | 1 . . 3 Core 1 | . . . 1 Reactor 1 | . . . 1 Propulsion 16 | 4 . . 12 Treads 3 | 2 . . 1 Leg 9 | . . . 9 Wheel 2 | 2 . . . Hover . | . . . . Flight 2 | . . . 2 Utility 3 | . . . 3 Device 2 | . . . 2 Storage 1 | . . . 1 Processor . | . . . . Hackware . | . . . . Protection . | . . . . Artifact . | . . . . Weapon 8 | 2 . . 6 Energy Gun 2 | 2 . . . Energy Cannon 1 | . . . 1 Ballistic Gun 2 | . . . 2 Ballistic Cannon 2 | . . . 2 Launcher . | . . . . Special Weapon 1 | . . . 1 Impact Weapon . | . . . . Slashing Weapon . | . . . . Piercing Weapon . | . . . . Special Melee Weapon . | . . . . Unidentified Prototypes 3 | . . . 3 Parts Lost 8 | . . 1 7 Power 2 | . . . 2 Propulsion 1 | . . . 1 Utility 1 | . . . 1 Weapon 4 | . . 1 3 Highest Loss Streak 4 | . . 1 4 To Critical Strikes . | . . . . Average Backups 3 | . 1 2 4 Power . | . . . . Propulsion 1 | . . 1 1 Utility . | . . . . Weapon 1 | . . 1 2 Tool/Special . | . . . . Unused Backups 4 | . . . 4 Power . | . . . . Propulsion 1 | . . . 1 Utility 1 | . . . 1 Weapon 2 | . . . 2 Tool/Special . | . . . . Average Slot Usage (%) 80 | . 71 68 84 Engine 12 | . 14 14 11 Core 1 | . . . 1 Treads 22 | . 28 28 20 Leg 5 | . . . 6 Device 12 | . . . 16 Storage 1 | . . . 1 Energy Gun 6 | . 28 25 . Energy Cannon 5 | . . . 6 Ballistic Gun 1 | . . . 2 Ballistic Cannon 9 | . . . 13 Peak Build Rating 31 | 5 5 5 31 Average Rating 12 | 4 5 4 15 On Entrance 3 | . 5 5 4 Naked Turns . | . . . . Heaviest Build 44 | 8 8 8 44 Greatest Support 40 | 40 40 40 40 Greatest Overweight (x) 10 | . . . 10 Average Overweight (x) . | . . . . Largest Inventory Capacity 15 | 5 5 5 15 Average Capacity 5 | 5 5 5 6 Most Carried 10 | . 2 2 10 Average Carried 3 | . 1 2 4 Final Capacity 15 | 5 5 5 15 Final Carried 10 | . 2 2 10 Class Distribution -------------------- 91% | Mutant 4% | Derelict-Mutant 3% | Scavenger-Mutant Dominant Class ---------------- Mutant | -10/Materials Mutant | -10/Subcaves Mutant | -8/Scraptown Resources | -11 -10 -10 -8 ----------- Run | Yrd Mat Sub Scr Matter Collected 666 | 175 . 81 410 Remotely . | . . . . Salvage Created 679 | . . 55 624 Parts 33 | . . 3 30 Haulers Intercepted . | . . . . Recyclers Shooed . | . . . . Parts Field Recycled . | . . . . Retrieved Matter . | . . . . Parts Self-Destructed 6 | . . 6 . Prevented . | . . . . Kills | -11 -10 -10 -8 ------- Run | Yrd Mat Sub Scr Combat Hostiles Destroyed 10 | . . 1 9 Guns 3 | . . 1 2 Cannons 7 | . . . 7 Classes Destroyed 2 | . . 1 1 Subdweller 1 | . . 1 . Scrapper 9 | . . . 9 Best Kill Streak 2 | . . 1 2 Combat Bots Only 2 | . . 1 2 Max Kills in Single Turn 1 | . . 1 1 Gunslinging . | . . . . Exploded . | . . . . Melee . | . . . . Uniques/NPCs Destroyed . | . . . . Combat | -11 -10 -10 -8 -------- Run | Yrd Mat Sub Scr Hostile Shots Fired 94 | . . 21 73 Missed 30 | . . 12 18 Hits 64 | . . 9 55 Projectile 64 | . . 9 55 Critical Strikes 5 | . . . 5 Damage Taken 1391 | 7 . 175 1209 Core 253 | . . 18 235 Absorbed by Shields . | . . . . Core Remaining (%) 100 | 100 . . . Volleys Fired 44 | . . 10 34 Largest 2 | . . 2 2 Hottest 125 | . . 80 125 Shots Fired 74 | . . 15 59 Gun 33 | . . 15 18 Cannon 38 | . . . 38 Launcher . | . . . . Special 3 | . . . 3 Kinetic 43 | . . . 43 Thermal 26 | . . 10 16 Explosive . | . . . . Electromagnetic 5 | . . 5 . Robot Hit Streak 8 | . . 4 8 Robot Miss Streak 3 | . . 2 3 Penetration Max 1 | . . . 1 Secondary Targets . | . . . . Shots Hit Robots 42 | . . 10 32 Core Hits 19 | 1 . 3 15 Critical Kills . | . . . . Critical Parts Destroyed . | . . . . Critical Strikes 1 | . . . 1 Burn 1 | . . . 1 Melee Attacks . | . . . . Impact . | . . . . Slashing . | . . . . Piercing . | . . . . Sneak Attacks . | . . . . Combat Hostiles . | . . . . Follow-up Attacks . | . . . . Damage Inflicted 891 | 17 . 107 767 Guns 349 | . . 107 242 Cannons 513 | . . . 513 Explosions . | . . . . Melee . | . . . . Ramming 19 | 17 . . 2 Kinetic 562 | . . . 562 Thermal 277 | . . 74 203 Explosive . | . . . . Electromagnetic 33 | . . 33 . Impact . | . . . . Slashing . | . . . . Piercing . | . . . . Highest Corruption . | . . . . Average Corruption . | . . . . Corruption Purged . | . . . . Corruption Blocked . | . . . . Overload Shots . | . . . . Overflow Damage . | . . . . Projectiles . | . . . . Explosions . | . . . . Melee . | . . . . Knockbacks 1 | . . . 1 Impact . | . . . . Kinetic 1 | . . . 1 Secondary . | . . . . Self-Inflicted Damage 7 | 7 . . . Shots . | . . . . Rammed 9 | 4 . . 5 Targets Rammed 9 | 4 . . 5 Kicked . | . . . . Crushed . | . . . . Highest Temperature 593 | . . . 593 Average Temperature 174 | . . . 174 Received Heat Transfer 827 | . . 54 773 Effects 9 | . . . 9 Shutdowns 3 | . . . 3 Energy Bleed 2 | . . . 2 Interference 2 | . . . 2 Damage (minor) 1 | . . . 1 Damage (core) 1 | . . . 1 Siege Activations . | . . . . Martial Activations . | . . . . Shielding Activations . | . . . . Robots Disrupted . | . . . . Combat Hostiles . | . . . . Robots Corrupted . | . . . . Combat Hostiles . | . . . . Parts Fried . | . . . . Impact Corruptions . | . . . . Robots Melted . | . . . . Combat Hostiles . | . . . . Parts Melted 6 | . . . 6 Heat Transferred 547 | . . 175 372 Parts Sabotaged . | . . . . Parts Stolen . | . . . . Parts Stripped . | . . . . Power Chain Reactions . | . . . . Alert | -11 -10 -10 -8 ------- Run | Yrd Mat Sub Scr Maximum Alert Level . | . . . . Low Security (%) 100 | 100 100 . . Level 1 . | . . . . Level 2 . | . . . . Level 3 . | . . . . Level 4 . | . . . . Level 5 . | . . . . High Security . | . . . . Max Security . | . . . . Peak Influence . | . . . . Initial . | . . . . Average . | . . . . Influence Increases . | . . . . Influence Decreases . | . . . . Squads Dispatched . | . . . . Investigation . | . . . . Extermination . | . . . . Reinforcement . | . . . . Assault . | . . . . Garrison . | . . . . Intercept . | . . . . Searches Triggered . | . . . . Construction Impeded . | . . . . Haulers Reinforced . | . . . . Active Scanning Responses . | . . . . Cargo Convoy Interrupts . | . . . . Stealth | -11 -10 -10 -8 --------- Run | Yrd Mat Sub Scr Distress Signals . | . . . . Communications Jammed . | . . . . Distress Signals . | . . . . Times Spotted 23 | . 3 1 19 Peak Tracking Total 4 | . 2 1 4 Tactical Retreats . | . . . . Traps | -11 -10 -10 -8 ------- Run | Yrd Mat Sub Scr Traps Triggered . | . . . . Indirectly . | . . . . Trap Hack Attempts . | . . . . Triggered . | . . . . Disarmed . | . . . . Reprogrammed . | . . . . Reused . | . . . . Traps Extracted . | . . . . Installed . | . . . . Triggered . | . . . . Machines | -11 -10 -10 -8 ---------- Run | Yrd Mat Sub Scr Machines Disabled 4 | . . . 4 Max in Single Turn 2 | . . . 2 Machines Repaired . | . . . . Machines Dismantled . | . . . . Machines Sabotaged . | . . . . Overloaded Fab Kills . | . . . . Hacking | -11 -10 -10 -8 --------- Run | Yrd Mat Sub Scr Machines Accessed 5 | . . . 5 Terminals . | . . . . Fabricators . | . . . . Repair Stations . | . . . . Recycling Units . | . . . . Scanalyzers . | . . . . Garrison Access . | . . . . Total Hacks 37 | . . . 37 Successful 37 | . . . 37 Failed . | . . . . Catastrophic . | . . . . Database Lockouts . | . . . . Manual . | . . . . Terminals . | . . . . Fabricators . | . . . . Repair Stations . | . . . . Recycling Units . | . . . . Scanalyzers . | . . . . Garrison Access . | . . . . Terminal Hacks 37 | . . . 37 Record 37 | . . . 37 Fabricator Hacks . | . . . . Repair Station Hacks . | . . . . Recycling Unit Hacks . | . . . . Scanalyzer . | . . . . Garrison Access Hacks . | . . . . Unauthorized Hacks . | . . . . Terminals . | . . . . Fabricators . | . . . . Repair Stations . | . . . . Recycling Units . | . . . . Scanalyzers . | . . . . Garrison Access . | . . . . Data Cores Recovered . | . . . . Used . | . . . . Hacking Detections . | . . . . Full Trace Events . | . . . . Feedback Events . | . . . . Feedback Blocked . | . . . . Robot Schematics Acquired . | . . . . Robots Built . | . . . . Authchips . | . . . . Time . | . . . . Total Robot Build Rating . | . . . . Part Schematics Acquired . | . . . . Parts Built . | . . . . Authchips . | . . . . Time . | . . . . Total Part Build Rating . | . . . . Parts Repaired . | . . . . Time . | . . . . Parts Recycled . | . . . . Recycled Matter . | . . . . Retrieved Matter . | . . . . Retrieved Components . | . . . . Parts Scanalyzed . | . . . . Part Schematics Acquired . | . . . . Parts Damaged . | . . . . Bothacking | -11 -10 -10 -8 ------------ Run | Yrd Mat Sub Scr Used RIF Installer . | . . . . Robots Hacked . | . . . . Non-combat . | . . . . Combat . | . . . . Robot Hacks Applied . | . . . . Relay Couplers Released . | . . . . Fabnet Peak Effective % . | . . . . Robots Rewired . | . . . . Allies Hacked . | . . . . Hacks Repelled . | . . . . Allies | -11 -10 -10 -8 -------- Run | Yrd Mat Sub Scr Total Allies . | . . . . Largest Group . | . . . . Highest-Rated Group . | . . . . Highest-Rated Ally . | . . . . Total Orders . | . . . . Ally Attacks . | . . . . Total Damage . | . . . . Kills . | . . . . Allies Corrupted . | . . . . Allies Melted 10 | . . . 10 Intel | -11 -10 -10 -8 ------- Run | Yrd Mat Sub Scr Active Infowar (turns) 1216 | . . . 1216 Sensors 1216 | . . . 1216 Robot Analysis Total . | . . . . Derelict Logs Recovered . | . . . . Drone Launches . | . . . . Drone Recoveries . | . . . . Exploration | -11 -10 -10 -8 ------------- Run | Yrd Mat Sub Scr Turns Passed 2846 | 87 83 560 2116 Spaces Moved 1674 | 61 50 326 1237 Core 21 | 1 . . 20 Treads 1347 | 23 50 326 948 Legs 256 | . . . 256 Wheels 37 | 37 . . . Hover . | . . . . Flight 13 | . . . 13 Fastest Speed 50 | 50 160 160 100 Average Speed 155 | 119 160 160 155 Slowest Speed 550 | 160 160 160 550 Overloaded Moves . | . . . . Propulsion Burnouts . | . . . . Robots Hopped . | . . . . Potential Cave-ins . | . . . . Cave-ins Triggered . | . . . . Exploration Rate (%) 29 | 4 13 23 79 Regions Visited 3 Branch Regions 2 Pre-discovered Areas 1 | . . . 1 Known Exits Taken . | . . . . Unknown Exits Taken 3 | 1 1 1 . Scrap Searched 4 | . . . 4 Spaces Dug . | . . . . Terrain Destroyed 6 | . . . 6 Melee . | . . . . Projectile 6 | . . . 6 AOE . | . . . . Terrain Rammed . | . . . . Walls Destroyed . | . . . . Machines Disabled . | . . . . Actions | -11 -10 -10 -8 --------- Run | Yrd Mat Sub Scr Total 1836 | 73 53 350 1360 Wait 50 | . 2 15 33 Move 1671 | 60 49 325 1237 Hop . | . . . . Pick Up 8 | . 2 . 6 Fast Attach 21 | 7 . . 14 Attach 2 | . . . 2 Detach 2 | . . . 2 Swap 15 | . . . 15 Drop 14 | 2 . . 12 Fire 44 | . . 10 34 Melee . | . . . . Ram 9 | 4 . . 5 Kick . | . . . . Crush . | . . . . Escape Stasis . | . . . . Rewire . | . . . . Trap . | . . . . Miscellaneous . | . . . . Route ------- -11/Scrapyard -10/Materials -10/Subcaves (discovered 2 exits: [*Mat] / *Scr) -8/Scraptown (discovered 1 exit: [*Fac]) History --------- Turn | Location | Event 9 | -11/Scrapyard | Discovered new exit (range 16) 88 | -11/Scrapyard | Entered Materials 89 | -10/Materials | Met a group of wandering Federalists 150 | -10/Materials | Discovered new exit (range 12) 171 | -10/Materials | Entered Subcaves 172 | -10/Subcaves | Continued accompanying wandering Federalists (5) 172 | -10/Subcaves | Approached by a straggling Scientist 238 | -10/Subcaves | Discovered new exit (range 6) 277 | -10/Subcaves | A swath of the cavern ceiling suddenly collapsed 317 | -10/Subcaves | Build established: Mutant 427 | -10/Subcaves | Wandering Federalist uncovered a shortcut to Scraptown 731 | -10/Subcaves | Entered Scraptown 911 | -8/Scraptown | Learned location of Extension (-6) 921 | -8/Scraptown | Heard Great Nut preacher, LISTEN AND RECITE! 969 | -8/Scraptown | Visited Spacefarers 1007 | -8/Scraptown | Visited Comm Corps 1079 | -8/Scraptown | Visited UFD Registry 1097 | -8/Scraptown | Registered with UFD as "Thunderform" 1197 | -8/Scraptown | Discovered new exit (range 7) 1813 | -8/Scraptown | Visited Cartography Club 1880 | -8/Scraptown | Visited Junk Repository 2027 | -8/Scraptown | Visited Chapter 10 2133 | -8/Scraptown | Met Optimus 2133 | -8/Scraptown | Accepted into 0bPrime 2242 | -8/Scraptown | Visited Scrap Suit Storage 2249 | -8/Scraptown | Found Scrap Suit 2272 | -8/Scraptown | Civil war broke out across Scraptown 2309 | -8/Scraptown | Visited DA-N13 Charitable Foundation 2323 | -8/Scraptown | Found DCF Scrap (28 items) 2375 | -8/Scraptown | Lost 9 allies 2411 | -8/Scraptown | Optimus destroyed in the chaos of civil war 2415 | -8/Scraptown | Core integrity fell below 50% 2441 | -8/Scraptown | Lost 4 parts (1p1n2w) 2641 | -8/Scraptown | Core integrity fell below 20% 2692 | -8/Scraptown | Lost 3 parts (1p1u1w) 2847 | -8/Scraptown | Destroyed by KG-8RR(j) with Overtuned Pulse Rifle Last Messages --------------- 02823_ Acquired Prototype Ballistic Gun. 02823_ QQ-D90(M) destroyed. 02823_ Bolt penetrates T8-ZYX(E). 02824_ Identified Helical Railgun. 02825_ Acquired 10 matter. 02826_ T8-ZYX(E) destroyed. 02828_ Acquired Prototype Reactor. 02829_ Identified Graviton Reactor. 02831_ Slug penetrates Wall. 02833_ Slug penetrates Triborg. 02833_ Slug penetrates BY-2B4(j). 02835_ Triborg suffers critical hit (Burn). 02838_ BY-2B4(j) destroyed. 02840_ Slug penetrates XP-SH8(j). 02840_ Bolt penetrates Reinforced Barrier. 02842_ XP-SH8(j) destroyed. 02843_ Bolt penetrates K4-IUG(j). 02843_ K4-IUG(j) destroyed. 02847_ F6-PEI(j) cannibalizes Ovr. Titanium Leg to repair Ovr. Titanium Leg. Map ----- +----------------------------------------------------+ | ## ??????????????? ?????######### ####???## | | ### ################## ####???????##### ######### | | #???????#"""" """"""""" | | #???????#" | | #???????#" | | #???????#" | | #???????#" | | ################# #????####" | | #???????????????# ! #????"""" """""""" | | #???????????????# [%& #????"""" %= """""""" | | #???????????????# =* = #????"""" !!%/""###### | | ???????????????# !!% %/#????""""!=%!=%""# | | #??????????????##=*%[ = #????""""=!![%%""# | | #??????????????#; !!*=!%!/###?#""""!%==!!!"# "" | | #??????????????#; !%!!*!""#"#"""=%=! ![%!# "" | | #???????????????# [!%[=""""#""""&= =["*#= " | | #???????????????# !=!/!%%"#######*%[= !""%= | | #???????????????# [![[!!%###?????#"![! ""[* | | #???????????????# *=**%%!#########%=%=! ""# " | | #???????????????# [*!!!!![=[=[!!=!=[[![ "# "" | | #???????????????# ![=!!%!%==!=%!=!!%[= ""# "" | | #??????????????## !=!!=!*[!=[!*%%%%==[ "# | | #??????????????#; !=%%!j%=!%!%!=!%!!= ""# | | ################# !TT!=%[!%!=!!%*!!* ""###### | | !%! %TT !=!!![!%*![== """"""" | | = =@!%==[%!!![!=*% *!""""""" | | [ [%=/%[*=%=!%=%!==%!=[=[!%= | | !=! *%= =%=*!![*!==!!=g=*%[!!%!!= | | %%! ! !%!![%!%!%!=[![%!%*%[**[! | | =[= [%! = *!%=%#""""#"!=%*%=!=%!%*[ | | %! ! !% =%=[=[#????# [!!!=%!=*%[! | | !j = !!==#????#" " =!!!= """" | | ##### ####### ;##;=#*### #;;#????####### ######" | | #??# % [% # ####????????? ???#" | | #??#" % "; #?????????? ???## | | "#??#" ;#####" "# #?????????&" "" ???# | | """" ""#??#" "#????????# #????????#?" "" ???# | | """" "#??#" "#????????# #?????????? "??" | | """" ""#??#" #????????# #?????????"" ? ""???# | | "#??#" #????????# #????????#""""?? ????? | | ########??#" ???????# #??????????"???? ????? | | ??????????#"""""""?????# #??????????????? ?????? | | ??????????#########????# #?????????????????????? | | ???????????????????????# #?????????????????????? | | ????????????############ #?????????????????????? | | ????????????#""""""""""" #???????????????####### | | ????????????#""""" """"" #???????????????#"""##" | | ??????#######"""" " "" #?????????"""" ##*" ## | | ??????# #?????????"""" %! %= ! | | #??#### #####"" "" "" " #?????????""""% %%==! ! | +----------------------------------------------------+ Best States ------------- Heat Dissipation 25 Energy Generation 29 Energy Capacity 340 Matter Stores 300 Matter Capacity 300 Sight Range 16 Robot Scan Range 15 Terrain Scan Density 10 EM Shielding 2 Evasion (%) 55 Recoil Reduction 2 Item Schematics ----------------- None Robot Schematics ------------------ None Fabricated ------------ Nothing Repaired ---------- Nothing Alien Tech Used ----------------- None Achievements -------------- None Challenges ------------ None Game ------ Seed ClaymoresImprinterRay Manual? 0 Play Time 00:31:24 Cumulative 7.7 hours Start 2025.09.24 @ 09:59:19 End 2025.09.24 @ 10:34:48 Sessions 1 Manual Loads 0 Difficulty Rogue Special Mode None Game No. 13 Rogue 6 Adventurer 6 Explorer 1 Win Type - Total 1 Types 1/0/0/0/0/0/0/0/0/0 Lore% 14 Gallery% 23 Achievement% 23 Wizard Run 0 Options --------- Layout 0 ASCII 0 Keyboard 0 Movement Numpad Keybinds 0 Fullscreen 2 Font 24/Smallcaps Map View 76x50 Zoom Use 39% Tactical HUD 1 Map Filters NONE Filters NONE Steam 1 RUN: b6386423-cd2b-4d07-8dae-231fb8084bff